Map: Chantier naval orbital

Players

Worming - Winner!

  • Race: Zerg Zerg

shiroulin

  • Race: Terran Terran

VOD

Have the link to the VOD?

Description

Time

  • Played on: Nov. 11, 2015, 6:46 a.m.
  • Length: 12:07
Show
View Real Time Build Order
Export as new Build Order

Worming Zerg - Winner!

Build Orders: Hatch First 

Get SALT Encoding   

  12  0:01  Drone  
  13  0:08  Drone  
  14  0:23  Overlord  
  14  0:28  Extractor  
  13  0:30  Drone  
  13  0:31  Drone, Extractor  
  16  0:43  Drone  
  17  0:53  Hatchery  
  17  0:57  Drone  
  17  1:00  Drone  
  18  1:14  Spawning Pool  
  18  1:17  Drone  
  18  1:26  Drone  
  18  1:28  Extractor  
  18  1:34  Drone  
  18  1:39  Overlord  
  19  2:00  Queen  
  22  2:01  Zergling x4  
  22  2:05  Queen  
  22  2:07  Drone  
  26  2:11  Drone  
  27  2:16  Overlord  
  27  2:24  Drone  
  28  2:31  Drone  
  28  2:36  Drone, Metabolic Boost  
  30  2:50  Overlord  
  30  2:52  Drone x2  
  32  3:12  Hatchery  
  31  3:34  Drone x4  
  31  3:35  Drone x6  
  41  3:42  Baneling Nest  
  40  3:48  Queen x2  
  43  4:05  Overlord  
  43  4:12  Extractor x2  
  43  4:13  Drone x6, Extractor  
  46  4:22  Zergling x6  
  49  4:40  Drone x3  
  49  4:41  Drone x3  
  49  4:42  Drone  
  56  4:47  Lair  
  56  4:49  Drone x3  
  59  4:54  Baneling x5  
  59  4:55  Baneling  
  59  4:57  Drone x4  
  59  4:58  Drone x2  
  65  5:04  Overlord  
  65  5:11  Overlord x5  
  65  5:24  Evolution Chamber x2  
  65  5:27  Spore Crawler x2  
  61  5:30  Spore Crawler  
  61  5:33  Drone x4  
  61  5:34  Drone  
  65  5:36  Drone x6  
  71  5:45  Overlord x2  
  71  5:46  Zergling x2  
  71  5:47  Zergling x4  
  74  5:54  Zerg Melee Weapons Level 1  
  74  5:55  Zerg Ground Armor Level 1  
  74  5:56  Centrifical Hooks  
  75  6:04  Drone x4, Roach Warren  
  75  6:07  Extractor  
  76  6:14  Drone x3  
  76  6:15  Drone x3  
  82  6:31  Extractor  
  81  6:37  Spire  
  80  6:44  Glial Reconstitution  
  80  6:45  Roach x2  
  80  6:46  Overlord, Roach x5  
  80  6:47  Overlord x2  
  94  6:54  Drone x3  
  97  7:06  Infestation Pit, Hydralisk Den  
  95  7:08  Ravager x2  
  95  7:09  Ravager x2  
  95  7:10  Overlord  
  95  7:11  Overlord  
  99  7:17  Roach x7  
  113  7:22  Hatchery  
  112  7:35  Queen  
  116  7:48  Overlord x2  
  116  7:52  Zergling x2  
  116  7:55  Zerg Missile Weapons Level 1, Zerg Ground Armor Level 2  
  115  7:59  Hive  
  115  8:00  Queen  
  115  8:03  Drone x10  
  127  8:11  Zergling x2  
  128  8:26  Extractor  
  127  8:28  Extractor  
  127  8:32  Drone x3  
  127  8:33  Drone x3  
  127  8:34  Overlord x2  
  132  8:54  Lurker Den  
  132  9:06  Roach x12  
  132  9:07  Roach x3  
  162  9:16  Greater Spire  
  162  9:17  Corruptor x7  
  176  9:28  Pneumatized Carapace  
  176  9:50  Zergling x4, Roach  
  176  9:51  Zergling x6  
  183  10:11  Hydralisk x3  
  189  10:27  Brood Lord x3  
  189  10:28  Brood Lord x2  
  183  11:33  Hydralisk x4  
  183  11:34  Hydralisk x2  
Show
View Real Time Build Order
Export as new Build Order

shiroulin Terran 

Build Orders:  

Get SALT Encoding   

  12  0:08  SCV  
  13  0:20  SCV  
  14  0:29  Supply Depot  
  14  0:47  SCV  
  14  0:49  Supply Depot  
  15  0:58  Supply Depot  
  15  1:01  Refinery  
  15  1:05  Refinery  
  15  1:10  SCV  
  16  1:14  Barracks  
  16  1:29  Barracks  
  16  1:35  SCV  
  17  2:10  Marine  
  17  2:12  Command Center  
  18  2:19  Barracks Tech Lab  
  18  2:27  Engineering Bay  
  18  2:28  Marine  
  19  2:43  Marauder  
  21  2:45  Marine  
  22  3:03  Marine  
  22  3:04  Marauder  
  25  3:21  Marine  
  25  3:25  SCV  
  25  3:26  Marauder  
  29  3:37  SCV  
  29  3:39  Marine  
  29  3:40  Missile Turret  
  31  3:47  Marauder  
  33  3:49  SCV  
  33  3:53  Orbital Command  
  34  3:57  Marine  
  34  4:01  SCV  
  34  4:02  Missile Turret  
  36  4:13  SCV  
  36  4:14  Marine  
  38  4:19  Marauder  
  40  4:25  SCV  
  41  4:32  Marine  
  42  4:39  Factory  
  42  4:41  Marauder  
  44  4:47  Orbital Command  
  44  4:50  Marine  
  45  4:54  Refinery  
  45  5:08  Marine  
  46  5:16  Supply Depot  
  46  5:38  Supply Depot, Marauder  
  48  6:02  Factory Tech Lab  
  48  6:17  Missile Turret  
  48  6:38  Missile Turret  
  48  6:45  Siege Tank  
  51  6:59  Missile Turret  
  51  7:17  Siege Tank  
  51  7:20  Missile Turret  
  54  7:41  Missile Turret  
  54  7:49  Siege Tank  
  57  8:02  Missile Turret  
  57  8:25  Missile Turret  
  57  8:27  Refinery  
  57  8:50  Missile Turret  
  57  9:06  Siege Tank  
  60  9:12  Missile Turret  
  60  9:15  Supply Depot  
  60  9:24  Terran Infantry Weapons Level 1  
  60  9:27  Starport  
  60  9:32  Missile Turret  
  60  9:37  Supply Depot  
  63  9:38  Siege Tank  
  63  9:45  Marine  
  64  9:50  Marauder  
  66  9:53  Missile Turret  
  66  9:59  Supply Depot  
  66  10:03  Marine  
  67  10:07  Engineering Bay  
  67  10:10  Siege Tank  
  67  10:11  Marauder  
  72  10:14  Missile Turret  
  72  10:20  Marine  
  73  10:22  Supply Depot  
  73  10:27  Starport Tech Lab  
  73  10:33  Marauder  
  73  10:35  Missile Turret  
  75  10:38  Marine  
  75  10:42  Siege Tank  
  79  10:52  Armory  
  79  10:54  Marauder  
  79  10:56  Fusion Core, Marine  
  79  11:15  Marauder  
  40  11:31  Supply Depot  
Tags
 
Add a new tag
Caveats
  • Supply blocks, unpowered buildings, or Contaminate may cause inaccurate times.
  • Supply counts are checked every 10 seconds.